 Dungeon Crawl Stone Soup version bcrawl-1.29.1 (webtiles) character file.

Game seed: 4778879969030115819

108248 pasperui the Cudgeler (level 3, -5/37 HPs)
             Began as an Ent Sloth Apostle on Feb 13, 2021.
             Was a Follower of Cheibriados.
             Slain by a worm (6 damage)
             ... on level 3 of the Dungeon on Feb 14, 2021.
             The game lasted 00:04:44 (1824 turns).

pasperui the Cudgeler (Ent Sloth Apostle)           Turns: 1824, Time: 00:04:44

Health: -5/37      AC: 11    Str: 23    XL:     3   Next: 75%
Magic:  4/4        EV:  6    Int: 15    God:    Cheibriados [*.....]
Gold:   105        SH:  8    Dex: 12    Spells: 3/4 levels left

rFire    . . .     SeeInvis .   a - +0 mace
rCold    . . .     Gourm    .   b - +0 medium shield
rNeg     + + +     Faith    .   (armour unavailable)
rPois    +         Spirit   .   (helmet restricted)
rElec    .         Reflect  .   (no cloak)
rCorr    .         Harm     .   (gloves unavailable)
MR       .....                  (boots unavailable)
Stlth    ++........             (no amulet)
HPRegen  0.12/turn              (no ring)
MPRegen  0.09/turn              (no ring)

@: slowed, very slow
A: large, slow actions, passwall, horns 2, negative energy resistance 3, poison
resistance, shaggy fur 1, slow metabolism 1, torment resistance, wild magic 1,
unbreathing, AC +10
a: Passwall, Bend Time, Renounce Religion


You were on level 3 of the Dungeon.
You worshipped Cheibriados.
Cheibriados was aware of your devotion.
You were hungry.

You visited 1 branch of the dungeon, and saw 3 of its levels.

You collected 105 gold pieces.

Inventory:

Hand Weapons
 a - a +0 mace (weapon)
Missiles
 k - 1214 stones (quivered)
Armour
 b - a +0 medium shield (worn)
Jewellery
 h - a +3 ring of evasion {unknown}
Wands
 c - a wand of paralysis (10)
Scrolls
 f - a scroll of blinking {unknown}
 i - 3 scrolls of identify
 j - a scroll of noise {unknown}
 m - a scroll of amnesia {unknown}
 n - a scroll of fear {unknown}
 p - a scroll of teleportation {unknown}
 q - a scroll of enchant armour {unknown}
Potions
 d - a potion of cancellation {unknown}
 g - a potion of lignification
 o - 2 potions of mutation
 r - a potion of curing {unknown}
Comestibles
 e - 7 rations {!d}
 l - 2 chunks of flesh


   Skills:
 - Level 2.1 Fighting
 * Level 4.5 Maces & Flails
 - Level 1.2 Dodging
 - Level 3.6 Stealth
 - Level 1.5 Shields
 - Level 1.2 Spellcasting
 - Level 1.0 Hexes
 - Level 0.8 Evocations


You had 3 spell levels left.
You knew the following spells:

 Your Spells              Type           Power        Failure   Level  Hunger
a - Slow                  Hex            #.......     82%         1    None
Your spell library was empty.

Dungeon Overview and Level Annotations

Branches:
Dungeon (3/12)

Altars:
Gozag
Nemelex Xobeh

Annotations:
D:3 Jessica


Innate Abilities, Weirdness & Mutations

You move and act slowly.
You can pass through walls and trees.
Your thick bark is tough. (AC +10)
You are too large for most types of armour.
You are immune to negative energy. (rN+++)
Your system is resistant to poisons. (rPois)
You have a slow metabolism.
You are immune to unholy pain and torment.
You can survive without breathing.
You have a pair of horns on your head.
You are covered in fur. (AC +1)
Your spells are a little harder to cast, but a little more powerful.


Message History

* * * LOW HITPOINT WARNING * * *
Unknown command.
It was a potion of mutation.
You feel extremely strange. Fur sprouts all over your body.
A pair of horns grows on your head!
You feel less in control of your magic. The horns on your head grow some more.
Jessica is no longer moving quickly.
The worm bites you but does no damage.
Unknown command.
It was a potion of lignification.
You feel woody for a moment. You block the worm's attack.
Unknown command.
You hit the worm.
The worm is moderately wounded.
Jessica casts a spell at you.
You feel yourself slow down. The worm barely misses you.
You hit the worm. You headbutt the worm!
The worm is almost dead.
Jessica hits you with a +0 club.
* * * LOW HITPOINT WARNING * * *
The worm bites you.
You die...

.. ..>............###
######.... .........
.....#.... .....####^.
...#..>...######.........
........#.#....†.....##
...#........#.......<.#
........#..##.........#
...##...##.......?....#
...####....#....@...<.#
................w@....#
##.########...........#
#.# #.#..........# #..
#..#..........# ###.
#.##........).. ## .
#........##? #######..#


You could see a worm and Jessica.

Vanquished Creatures
  A worm (D:2)
  2 dart slugs
  5 leopard geckos
  2 goblins
  8 hobgoblins
  6 jackals (D:1)
  6 kobolds
  A ball python (D:1)
  4 bats
  2 frilled lizards (D:1)
  4 rats
41 creatures vanquished.

Notes
Turn   | Place    | Note
-------+----------+-------------------------------------------
     0 | D:1      | pasperui the Ent Sloth Apostle began the quest for the Orb.
     0 | D:1      | Reached XP level 1. HP: 22/22 MP: 2/2
    28 | D:1      | Reached skill level 1 in Dodging
   176 | D:1      | Reached XP level 2. HP: 26/30 MP: 3/3
   322 | D:1      | Reached skill level 3 in Maces & Flails
   701 | D:1      | Reached * piety under Cheibriados
   706 | D:1      | Reached XP level 3. HP: 37/37 MP: 4/4
   838 | D:1      | Reached skill level 4 in Maces & Flails
  1186 | D:2      | Found an opulent altar of Gozag.
  1324 | D:2      | Found a sparkling altar of Nemelex Xobeh.
  1790 | D:3      | Noticed Jessica
  1821 | D:3      | Gained mutation: You are covered in fur. (AC +1) [potion of
                  | mutation]
  1821 | D:3      | Gained mutation: You have a pair of small horns on your
                  | head. [potion of mutation]
  1821 | D:3      | Gained mutation: Your spells are a little harder to cast,
                  | but a little more powerful. [potion of mutation]
  1821 | D:3      | Gained mutation: You have a pair of horns on your head.
                  | [potion of mutation]
  1824 | D:3      | HP: 1/37 [Jessica/+0 club (2)]
  1824 | D:3      | Slain by a worm

Skill      XL: |  1  2  3 |
---------------+----------+-----
Dodging        | 1 |  1.2
Maces & Flails | 3 4 |  4.5
Fighting       | |  2.1
Stealth        | |  3.6
Shields        | |  1.5
Spellcasting   | |  1.2
Hexes          | |  1.0
Evocations     | |  0.8

Action                   || total
-------------------------++-------
Melee: Mace              ||   172
       Headbutt          ||     1
  Use: Potion            ||     2
 Stab: Sleeping          ||     5
  Eat: Chunk             ||     7
Armor: Skin              ||   123
Dodge: Dodged            ||    76
Block: Medium shield     ||    95
